 Dungeon Crawl Stone Soup version 0.17.2-1-ge4368a0 (webtiles) character file.

790 Monsterracer the Skirmisher (level 7, -2/55 (56) HPs)
             Began as a Mummy Chaos Knight on Aug 7, 2017.
             Slain by Lioxzit the merfolk
             ... wielding a +4 trident of piercing
             ... created by the player character
              (13 damage)
             ... on level 3 of the Dungeon.
             The game lasted 00:20:07 (23221 turns).

Monsterracer the Skirmisher (Mummy Chaos Knight)   Turns: 23221, Time: 00:20:07

HP:   -2/55 (56)    AC: -8    Str: 18 (19) XL:     7   Next: 57%
MP:   7/7           EV: 12    Int: 10      God:    Xom [......]
Gold: 268           SH:  0    Dex: 11      Spells: 0 memorised, 6 levels left

rFire  x . .     SeeInvis .     a - +9 broad axe "Arcanum" {chaos, *Contam rN+ MR+}
rCold  + . .     Clarity  .     k - +2 leather armour
rNeg   + + +     SustAt   .     (no shield)
rPois  ∞         Gourm    .     f - +1 helmet
rElec  .         Spirit   .     (no cloak)
rCorr  .         Warding  .     (no gloves)
rMut   +         Stasis   .     (no boots)
MR     +....                    e - amulet of resist mutation
Stlth  +.........               (no ring)
                                (no ring)

@: corroded equipment, somewhat resistant to hostile enchantments, very
unstealthy
A: no food or potions, fire vulnerability, cold resistance 1, negative energy
resistance 3, torment resistance, unbreathing
a: Renounce Religion


You were on level 3 of the Dungeon.
You worshipped Xom.
You were a very special plaything of Xom.
You were not hungry.

You visited 1 branch of the dungeon, and saw 3 of its levels.

You collected 268 gold pieces.

Inventory:

Hand Weapons
 a - the +9 broad axe "Arcanum" (weapon) {chaos, *Contam rN+ MR+}
   (Xom gifted it to you on level 1 of the Dungeon)

   Each time it hits an enemy it has a different, random effect.
   It protects you from negative energy.
   It affects your resistance to hostile enchantments.
   It causes magical contamination when unequipped.
Armour
 f - a +1 helmet (worn)
 h - a +0 buckler
 k - a +2 leather armour (worn)
Rods
 b - a +7 rod of ignition (12/12)
   (Xom gifted it to you on level 1 of the Dungeon)
 l - a -1 rod of ignition (12/12)
   (Xom gifted it to you on level 2 of the Dungeon)
Jewellery
 e - an amulet of resist mutation (around neck)
Wands
 g - a wand of frost (30)
 m - a wand of heal wounds (3)
Scrolls
 c - a scroll of remove curse
 d - 2 scrolls of identify
 n - a scroll of magic mapping
Miscellaneous
 i - a sack of spiders {used: 1}
 j - a plain deck of changes {drawn: 2}


   Skills:
 * Level 5.5 Fighting
 * Level 1.2(3.0) Axes
 - Level 4.3(4.4) Maces & Flails
 + Level 3.0 Armour
 + Level 2.6 Dodging
 + Level 1.9 Shields


You had 6 spell levels left.
You didn't know any spells.

Dungeon Overview and Level Annotations

Branches:
Dungeon (3/15)

Altars:


Innate Abilities, Weirdness & Mutations

You do not eat or drink.
Your flesh is vulnerable to fire.
You are immune to poison.
Your flesh is cold resistant.
You are immune to negative energy.
You are immune to unholy pain and torment.
You can survive without breathing.


Message History

Lioxzit attacks!
Lioxzit the merfolk comes into view. It is wielding a trident of piercing.
The rust devil hits you!
* * * LOW HITPOINT WARNING * * *
The rust devil corrodes you! The ufetubus hits you.
* * * LOW HITPOINT WARNING * * *
The ufetubus closely misses you.
Unknown command.
Press: ? - help, v - describe, . - travel
Here: Lioxzit the merfolk, wielding a trident of piercing and wearing a runed robe (durably summoned)
The floor.
Evoke which item? (* to show all) (? for menu, Esc to quit)
You don't have any such object.
Evoke which item? (* to show all) (? for menu, Esc to quit)
You reach into the bag... ...and things crawl out!
The rust devil is caught in a web!
The ufetubus is caught in a web!
The ufetubus struggles to get unstuck from the web.
Lioxzit hits you from afar with a trident of piercing!
You die... "I guess I need a new plaything now."

............#.#####)#
#############.......#
.....# #....#.#######
####.# #.##.#.#<.#
#.# #.##.#.##.# #.#
#.##.#.##.# #.#
#.##.#.##s# #.#
#.##.#.##5#
####.###.##.#.##@#
.........##.#.##4#
####.######.#.##m#
.....# #.#.##.#
###########.#.##.#
#..........#.##.#
#.##########.##.#
#...............#
#.########.#<####


You could see Lioxzit the merfolk, a rust devil (webbed), an ufetubus (webbed)
and a friendly spider.

Vanquished Creatures
  A two-headed ogre (D:1)
  Sigmund (D:3)
  Natasha (thrice) (D:3)
  A worker ant (D:3)
  A hound skeleton (D:1)
  Robin (D:3)
  2 adders
  An ooze (D:2)
  3 worms
  2 giant geckos
  An orc (D:3)
  3 ball pythons
  15 bats
  2 giant cockroaches
  18 hobgoblins
  5 jackals (D:1)
  2 giant newts
  16 goblins
  6 kobolds
  11 rats
95 creatures vanquished.

Vanquished Creatures (collateral kills)
  A basilisk (D:1)
  A swamp drake (D:2)
2 creatures vanquished.

Vanquished Creatures (others)
  An orc wizard (D:1)
1 creature vanquished.

Grand Total: 98 creatures vanquished

Notes
Turn   | Place    | Note
--------------------------------------------------------------
     0 | D:1      | Monsterracer the Mummy Chaos Knight began the quest for the Orb.
     0 | D:1      | Reached XP level 1. HP: 18/18 MP: 1/1
   356 | D:1      | Reached skill level 1 in Dodging
   356 | D:1      | Reached XP level 2. HP: 24/24 MP: 2/2
   484 | D:1      | XOM: divination: detect creatures
   829 | D:1      | XOM: silly message
   910 | D:1      | HP: 12/24 [hobgoblin/club (8)]
   913 | D:1      | HP: 3/24 [hobgoblin/club (5)]
  1278 | D:1      | XOM: potion effect (might)
  1324 | D:1      | Reached XP level 3. HP: 29/29 MP: 3/3
  1677 | D:1      | XOM: divination: detect creatures
  1900 | D:1      | XOM: divination: detect creatures
  2573 | D:1      | XOM: silly message
  2803 | D:1      | XOM: divination: detect creatures
  3118 | D:1      | XOM: silly message
  3281 | D:1      | XOM: harmless Conj miscast
  3312 | D:1      | XOM: harmless Divn miscast
  3338 | D:1      | XOM: silly message
  3769 | D:1      | XOM: mild Pois miscast
  3901 | D:1      | XOM: god gift: 55 gold pieces
  3940 | D:1      | XOM: medium Air miscast
  3968 | D:1      | XOM: divination: detect creatures
  3999 | D:1      | XOM is BORED!
  3999 | D:1      | XOM: mild Chrm miscast
  4661 | D:1      | XOM: noise
  4738 | D:1      | XOM: harmless Necr miscast
  4888 | D:1      | XOM: colour smoke trail
  5371 | D:1      | XOM: mild Ice miscast
  5420 | D:1      | XOM: smoke on damage
  5555 | D:1      | XOM: mild Hex miscast
  5565 | D:1      | XOM: harmless Conj miscast
  5757 | D:1      | XOM: harmless Fire miscast
  6748 | D:1      | XOM: divination: detect creatures
  6801 | D:1      | XOM is BORED!
  6801 | D:1      | XOM: silly message
  7018 | D:1      | XOM: summons 1 hostile demon
  7636 | D:1      | XOM: god gift: 37 gold pieces
  7867 | D:1      | XOM: vitrification
  8391 | D:1      | XOM: scenery: 1 doors close
  8586 | D:2      | HP: 11/30 [giant gecko (5)]
  8638 | D:2      | HP: 12/30 [goblin/club (2)]
  8701 | D:2      | XOM is BORED!
  8701 | D:2      | XOM: medium Pois miscast
  8720 | D:2      | XOM: harmless Fire miscast
  8840 | D:2      | XOM: enchant monster (good)
  8853 | D:2      | Noticed Robin
  8894 | D:1      | HP: 15/30 [hobgoblin[Robin] (5)]
  8899 | D:1      | HP: 13/30 [something (1)]
  9087 | D:1      | Reached XP level 4. HP: 37/37 MP: 4/4
  9167 | D:2      | XOM: harmless Summ miscast
  9462 | D:1      | XOM: harmless Necr miscast
  9488 | D:1      | Noticed a basilisk
  9549 | D:3      | Killed Robin
  9558 | D:3      | XOM: harmless Conj miscast
  9671 | D:2      | XOM: potion effect (heal wounds)
  9705 | D:2      | XOM: divination: detect items
  9718 | D:2      | Reached skill level 4 in Fighting
 10026 | D:2      | XOM: mild Necr miscast
 10227 | D:3      | XOM: noise
 10239 | D:3      | Noticed Natasha
 10267 | D:3      | XOM: divination: detect creatures
 10301 | D:3      | XOM: swap monsters
 10312 | D:3      | XOM: polymorph crimson imp -> iron imp
 10313 | D:3      | Killed Natasha
 10313 | D:3      | XOM: summons 2 friendly demons
 10647 | D:2      | XOM: god gift: glowing halberd {god gift}
 10902 | D:2      | XOM: 1-stop teleportation journey
 10925 | D:2      | XOM: vitrification
 11145 | D:2      | XOM: colour smoke trail
 11890 | D:2      | Reached XP level 5. HP: 40/42 MP: 5/5
 12212 | D:2      | XOM: silly message
 12494 | D:2      | Noticed a swamp drake
 12494 | D:2      | a worm changed into a swamp drake
 12494 | D:2      | XOM: polymorph worm -> swamp drake
 12500 | D:2      | HP: 21/42 [swamp drake (9)]
 12589 | D:3      | XOM: cast spell 'Summon Butterflies'
 12687 | D:3      | XOM: mild Summ miscast
 12791 | D:2      | XOM: god gift: bubbling yellow potion
 12794 | D:2      | XOM: polymorph rat -> goblin
 12798 | D:2      | HP: 19/42 [swamp drake (4)]
 13015 | D:3      | XOM: 2-stop teleportation journey
 13124 | D:2      | XOM: summons friendly shadow imp
 13128 | D:2      | HP: 17/42 [swamp drake (11)]
 13133 | D:2      | HP: 14/42 [swamp drake (4)]
 13135 | D:2      | HP: 5/42 [swamp drake (9)]
 13137 | D:2      | HP: 2/42 [swamp drake (2)]
 13137 | D:2      | Killed a swamp drake
 13294 | D:2      | XOM: silly message
 14414 | D:1      | XOM: medium Fire miscast
 14414 | D:1      | HP: 21/43 [something (22)]
 14902 | D:1      | XOM: silly message
 14932 | D:1      | XOM: god gift: long smoking rod {god gift}
 14934 | D:1      | Identified a +7 rod of ignition (12/12) (Xom gifted it to you on level 1 of the Dungeon)
 16048 | D:1      | XOM: god gift: meat ration
 16129 | D:1      | XOM: god gift: lead wand {god gift}
 16188 | D:1      | XOM: god gift: 39 gold pieces
 16202 | D:1      | XOM: god gift: silver wand {god gift}
 16304 | D:1      | XOM: summons 5 friendly demons
 16307 | D:1      | XOM: god gift: 6 royal jellies
 16308 | D:1      | Killed a basilisk
 16308 | D:1      | Reached skill level 1 in Shields
 16308 | D:1      | Reached XP level 6. HP: 28/49 MP: 6/6
 16638 | D:1      | XOM: god gift: falchion {god gift}
 16698 | D:1      | XOM: scenery: 1 doors close
 17037 | D:1      | XOM is BORED!
 17037 | D:1      | XOM: mild Chrm miscast
 17088 | D:1      | XOM: god gift: bread ration
 17367 | D:1      | XOM: divine lightning (protected)
 17423 | D:1      | XOM: vitrification
 17508 | D:1      | XOM: god gift: 17 gold pieces
 18330 | D:1      | Noticed a two-headed ogre
 18337 | D:1      | Killed a two-headed ogre
 18337 | D:1      | Reached skill level 5 in Fighting
 18337 | D:1      | Reached XP level 7. HP: 34/56 MP: 7/7
 18658 | D:1      | XOM: god gift: scroll labeled ECHUAKHLIGAL
 18753 | D:1      | XOM: god gift: 13 gold pieces
 18763 | D:1      | XOM: god gift: sack of spiders
 18778 | D:1      | XOM: god gift: plain deck of cards {god gift}
 18823 | D:1      | XOM: vitrification
 18855 | D:1      | XOM: noise
 18950 | D:1      | XOM is BORED!
 18950 | D:1      | XOM: mild Conj miscast
 18972 | D:1      | XOM: harmless Conj miscast
 19263 | D:1      | XOM: god gift: brightly glowing broad axe {god gift}
 19264 | D:1      | Got a brightly glowing broad axe {god gift}
 19265 | D:1      | Identified the +9 broad axe "Arcanum" {chaos, *Contam rN+ MR+} (Xom gifted it to you on level 1 of the Dungeon)
 19780 | D:1      | XOM is BORED!
 19780 | D:1      | XOM: stat loss: -2 Str (16/18)
 19902 | D:1      | XOM: 4-stop teleportation journey
 20371 | D:1      | XOM: silly message
 20742 | D:1      | Noticed a six-headed hydra
 20814 | D:2      | XOM: god gift: blue potion
 21450 | D:2      | XOM: god gift: knobbly smoking rod {god gift}
 21631 | D:2      | XOM: divination: detect creatures
 22166 | D:2      | XOM is BORED!
 22166 | D:2      | XOM: noise
 22390 | D:2      | Noticed a frost giant
 22392 | D:2      | XOM: summons 7 friendly demons
 22401 | D:2      | XOM: potion effect (might)
 22401 | D:2      | HP: 25/56 [frost giant/bolt of cold (26)]
 22659 | D:3      | XOM: divination: detect items
 22701 | D:3      | Noticed Sigmund
 22701 | D:3      | Noticed Natasha
 22706 | D:3      | Killed Sigmund
 22706 | D:3      | Reached skill level 1 in Axes
 22707 | D:3      | Killed Natasha
 22735 | D:3      | XOM: vitrification
 22780 | D:3      | XOM: divination: detect items
 23079 | D:3      | Noticed Natasha
 23080 | D:3      | Killed Natasha
 23214 | D:3      | XOM: summons 3 hostile demons
 23215 | D:3      | Noticed a rust devil
 23218 | D:3      | HP: 26/55 [ufetubus[Xom] (5)]
 23219 | D:3      | Drew Focus: Str increased to 19, Int decreased to 10
 23220 | D:3      | Noticed Lioxzit
 23220 | D:3      | HP: 10/55 [ufetubus[Xom] (4)]
 23221 | D:3      | Slain by Lioxzit the merfolk

Action                   |  1- 3 |  4- 6 |  7- 9 || total
-------------------------+-------+-------+-------++-------
Melee: Mace              |   150 |   177 |       ||   327
       Rod               |       |     2 |       ||     2
       Broad axe         |       |       |    21 ||    21
Evoke: Rod               |       |     4 |     1 ||     5
       Deck              |       |       |     2 ||     2
       Sack of spiders   |       |       |     1 ||     1
  Use: Scroll            |     7 |     5 |     2 ||    14
 Stab: Distracted        |     1 |       |       ||     1
       Paralysed         |       |     6 |       ||     6
       Confused          |       |       |     1 ||     1
